 Dungeon Crawl Stone Soup version 0.28-a0-1128-gb845255321 (webtiles) character file.

Game seed: 13093801301684954939

2992 Gargoyl the Fighter (level 9, -3/74 HPs)
             Began as a Gnoll Abyssal Knight on Dec 12, 2021.
             Was a Priest of Lugonu.
             Shot with an arrow by a centaur (7 damage)
             ... on level 8 of the Dungeon.
             The game lasted 00:12:12 (9651 turns).

Gargoyl the Fighter (Gnoll Abyssal Knight)          Turns: 9651, Time: 00:12:12

Health: -3/74      AC: 15    Str: 23    XL:     9   Next: 83%
Magic:  0/15       EV:  8    Int: 10    God:    Lugonu [***...]
Gold:   414        SH:  5    Dex: 12    Spells: 17/17 levels left

rFire   . . .      SeeInvis .   p - +3 hand axe (venom)
rCold   . . .      Faith    .   k - +0 buckler
rNeg    . . .      Spirit   +   f - +0 plate armour
rPois   .          Reflect  .   (no helmet)
rElec   .          Harm     .   (no cloak)
rCorr   .          Rampage  .   (no gloves)
Will    +....                   o - +1 pair of boots
Stlth   ..........              c - amulet of guardian spirit
HPRegen 0.22/turn               d - ring of willpower
MPRegen 0.14/turn               m - +6 ring of strength

@: mighty, lethally poisoned (-3 -> -8), hasted, very quick
A: fangs 1, strong nose, distributed training
a: Renounce Religion, Depart the Abyss, Bend Space, Banish


You were on level 8 of the Dungeon.
You worshipped Lugonu.
Lugonu was most pleased with you.
You visited 1 branch of the dungeon, and saw 8 of its levels.
You visited the Abyss 1 time.

You collected 414 gold pieces.

Inventory:

Hand Weapons
 a - a +1 hand axe
 p - a +3 hand axe of venom (weapon)
Missiles
 z - a curare-tipped dart (quivered)
Armour
 f - a +0 plate armour (worn)
 k - a +0 buckler (worn)
 o - a +1 pair of boots (worn)
Jewellery
 c - an amulet of guardian spirit (around neck)
 d - a ring of willpower (left hand)
 e - a ring of poison resistance
 i - a ring of flight
 l - a ring of positive energy
 m - a +6 ring of strength (right hand)
 s - a ring of protection from cold
Wands
 q - a wand of mindburst (14)
 t - a wand of iceblast (18)
Scrolls
 g - 3 scrolls of blinking
 u - a scroll of identify
 y - a scroll of fear
Potions
 b - a potion of brilliance
 j - 2 potions of cancellation
 n - 2 potions of might
 r - 2 potions of curing
 w - 2 potions of magic


   Skills:
 + Level 8.1 Fighting
 + Level 4.6 Short Blades
 + Level 4.6 Long Blades
 + Level 6.6 Axes
 + Level 4.6 Maces & Flails
 + Level 4.6 Polearms
 + Level 4.6 Staves
 + Level 4.6 Slings
 + Level 4.6 Bows
 + Level 4.6 Crossbows
 + Level 4.6 Throwing
 + Level 6.6 Armour
 + Level 5.3 Dodging
 + Level 4.6 Stealth
 + Level 4.6 Shields
 + Level 4.6 Unarmed Combat
 + Level 4.6 Spellcasting
 + Level 3.8 Conjurations
 + Level 3.8 Hexes
 + Level 3.8 Summonings
 + Level 3.8 Necromancy
 + Level 3.8 Translocations
 + Level 3.8 Transmutations
 + Level 3.8 Fire Magic
 + Level 3.8 Ice Magic
 + Level 3.8 Air Magic
 + Level 3.8 Earth Magic
 + Level 3.8 Poison Magic
 + Level 6.9 Invocations
 + Level 4.6 Evocations


You had 17 spell levels left.
You didn't know any spells.
Your spell library contained the following spells:

 Spells                   Type           Power      Damage    Failure   Level
 Apportation              Tloc           20%        N/A       58%         1
 Beastly Appendage        Tmut           20%        N/A       58%         1
 Magic Dart               Conj           40%        1d5       58%         1
 Sandblast                Erth           20%        2d7       58%         1
 Call Imp                 Summ           10%        N/A       75%         2
 Passwall                 Tmut/Erth      8%         N/A       75%         2
 Wereblood                Tmut           10%        N/A       75%         2
 Mephitic Cloud           Conj/Pois/Air  10%        N/A       92%         3
 Spider Form              Tmut/Pois      10%        N/A       92%         3
 Stone Arrow              Conj/Erth      20%        3d8       92%         3


Dungeon Overview and Level Annotations

Branches:
Dungeon (8/15)             Temple (0/1) D:4
   Lair: D:8-11

Altars:
Elyvilon

Shops:
D:8 (

Annotations:
D:6 2 transporters, Gargoyl's ghost, novice GnAK


Innate Abilities, Weirdness & Mutations

You have very sharp teeth.
Your uncanny sense of smell can sniff out nearby items.
Your experience applies equally to all skills.


Message History

You barely miss the killer bee.
Your plate armour prevents you from hitting the killer bee.
You miss the killer bee.
The killer bee stings you but does no damage. x2
The centaur shoots an arrow.
The arrow hits you but does no damage.
The killer bee stings you but does no damage.
The killer bee closely misses you. The killer bee stings you.
* * * LOW HITPOINT WARNING * * *
You closely miss the killer bee.
The killer bee is heavily wounded.
You miss the killer bee. You closely miss the killer bee.
The centaur shoots an arrow.
The arrow closely misses you.
The arrow hits the training dummy!
The training dummy is destroyed!
The killer bee barely misses you.
The killer bee stings you but does no damage.
You block the killer bee's attack.
The centaur shoots an arrow.
The arrow hits you but does no damage.
You hear an angry buzzing noise.
You slash the killer bee!
You kill the killer bee!
Lugonu accepts your kill.
You miss the killer bee. You closely miss the killer bee.
You hear a shout!
The killer bee stings you but does no damage.
The killer bee stings you.
* * * LOW HITPOINT WARNING * * *
You are lethally poisoned!
The killer bee poisons you!
You hit the killer bee.
The killer bee is poisoned.
The killer bee is lightly wounded.
You slash the killer bee!
The killer bee looks as sick as possible!
* * * LOW HITPOINT WARNING * * *
You feel sick.
You kill the killer bee!
Lugonu accepts your kill. You block the killer bee's attack.
The centaur shoots an arrow.
The arrow hits you!
You die...

..........# ........†.#
........o.## ..
.....?.....## #.
...........o## ..
............y# .#
############.# ##.#
#8.†(..#o#### #..#
#(.@(.c∩....## #..#
#8.y(.o#y....# ###.##
###########.)...# .....###
##.....#.........##
>.##...###......###.##.....#
.#####...#......# #........#
## ###........# ####.....##
# ###......# ###.......# #
###...<###........##


You could see an orc warrior, a centaur, 2 killer bees, an orc priest and 2
training dummies.

Vanquished Creatures
  A two-headed ogre (D:4)
  A troll (D:5)
  Eustachio (D:6)
  An acid dragon (D:7)
  A black bear (D:4)
  An orc warrior (D:7)
  An ice beast (D:8)
  3 ogres
  2 phantoms
  A kobold brigand (D:8)
  2 bullfrogs
  A gnoll sergeant (D:5)
  3 scorpions
  A water moccasin zombie (D:5)
  A wyvern skeleton (D:6)
  4 killer bees (D:8)
  2 orc priests
  A bullfrog skeleton (D:4)
  2 hounds
  A jelly (D:5)
  A centaur skeleton (D:7)
  4 iguanas
  An orc wizard (D:7)
  A howler monkey zombie (D:4)
  8 gnolls
  7 adders
  A howler monkey skeleton (D:4)
  3 white imps
  An ufetubus (D:4)
  2 worms (D:3)
  2 dart slugs
  9 orcs
  8 ball pythons
  7 bats
  4 endoplasms
  4 giant cockroaches
  20 goblins
  4 hobgoblins
  5 quokkas
  3 frilled lizards
  A jackal skeleton (D:4)
  10 kobolds
  8 rats
145 creatures vanquished.

Vanquished Creatures (others)
  A training dummy (D:8)
  A fungus (D:1)
  A plant (D:1)
3 creatures vanquished.

Grand Total: 148 creatures vanquished

Notes
Turn   | Place    | Note
-------+----------+-------------------------------------------
     0 | Abyss:1  | Gargoyl the Gnoll Abyssal Knight began the quest for the
                  | Orb.
     0 | Abyss:1  | Reached XP level 1. HP: 23/23 MP: 3/3
    53 | Abyss:1  | Noticed a sixfirhy
   112 | Abyss:1  | Noticed an efreet
   119 | D:1      | Escaped the Abyss
   709 | D:1      | Reached XP level 2. HP: 27/29 MP: 5/5
   714 | D:1      | Reached * piety under Lugonu
   918 | D:1      | Found a faded altar of an unknown god.
   941 | D:1      | Got Plato's Collected Works on the Traveller
  1106 | D:1      | Reached XP level 3. HP: 35/35 MP: 6/6
  2094 | D:2      | Reached skill level 1 in Short Blades
  2094 | D:2      | Reached skill level 1 in Long Blades
  2094 | D:2      | Reached skill level 1 in Maces & Flails
  2094 | D:2      | Reached skill level 1 in Polearms
  2094 | D:2      | Reached skill level 1 in Staves
  2094 | D:2      | Reached skill level 1 in Slings
  2094 | D:2      | Reached skill level 1 in Bows
  2094 | D:2      | Reached skill level 1 in Crossbows
  2094 | D:2      | Reached skill level 1 in Throwing
  2094 | D:2      | Reached skill level 1 in Stealth
  2094 | D:2      | Reached skill level 1 in Shields
  2094 | D:2      | Reached skill level 1 in Unarmed Combat
  2094 | D:2      | Reached skill level 1 in Spellcasting
  2094 | D:2      | Reached skill level 1 in Evocations
  2135 | D:2      | Reached XP level 4. HP: 38/41 MP: 7/7
  2804 | D:3      | Reached ** piety under Lugonu
  2805 | D:3      | Reached skill level 1 in Conjurations
  2805 | D:3      | Reached skill level 1 in Hexes
  2805 | D:3      | Reached skill level 1 in Summonings
  2805 | D:3      | Reached skill level 1 in Necromancy
  2805 | D:3      | Reached skill level 1 in Translocations
  2805 | D:3      | Reached skill level 1 in Transmutations
  2805 | D:3      | Reached skill level 1 in Fire Magic
  2805 | D:3      | Reached skill level 1 in Ice Magic
  2805 | D:3      | Reached skill level 1 in Air Magic
  2805 | D:3      | Reached skill level 1 in Earth Magic
  2805 | D:3      | Reached skill level 1 in Poison Magic
  2813 | D:3      | Reached XP level 5. HP: 15/47 MP: 8/8
  3652 | D:4      | Noticed a two-headed ogre
  3664 | D:4      | Killed a two-headed ogre
  3665 | D:4      | Reached skill level 7 in Fighting
  3665 | D:4      | Reached skill level 5 in Axes
  3665 | D:4      | Reached skill level 5 in Armour
  3665 | D:4      | Reached skill level 5 in Invocations
  3665 | D:4      | Reached XP level 6. HP: 55/55 MP: 3/10
  3665 | D:4      | Reached XP level 7. HP: 60/60 MP: 3/11
  4304 | D:4      | Reached XP level 8. HP: 54/67 MP: 10/12
  5127 | D:4      | Found a staircase to the Ecumenical Temple.
  5555 | D:5      | Entered Level 5 of the Dungeon
  6163 | D:5      | Noticed a troll
  6183 | D:5      | Killed a troll
  6465 | D:5      | Reached XP level 9. HP: 61/72 MP: 10/14
  6647 | D:5      | Reached *** piety under Lugonu
  6880 | D:5      | Found a white marble altar of Elyvilon.
  7041 | D:6      | Noticed Eustachio
  7052 | D:6      | Killed Eustachio
  7289 | D:6      | Reached skill level 5 in Dodging
  7456 | D:6      | Noticed Gargoyl's ghost (novice GnAK)
  7457 | D:6      | Found a transporter.
  7457 | D:6      | Identified the +4 great mace of Hairy Tenacity {vorpal,
                  | rPois rN+ Str+2}
  7457 | D:6      | Noticed a two-headed ogre
  7461 | D:6      | Found a transporter.
  8569 | D:7      | Reached skill level 8 in Fighting
  9609 | D:8      | Found Juwy's Firing Range.
  9645 | D:8      | HP: 2/74 [killer bee (2)]
  9651 | D:8      | Shot with an arrow by a centaur

Illustrated notes

Levels and vault maps discovered:
D:1:      scummos_arrival_checkerplants, layout_loops_corners,
          shapermc_ecumenical_altar_rom_forum, serial_forest,
          infiniplex_forest_clump_double, infiniplex_forest_end_1,
          infiniplex_forest_split, infiniplex_forest_corner_1,
          infiniplex_forest_clump_diagonal, infiniplex_forest_zigzag_1,
          infiniplex_forest_zigzag_2
D:2:      layout_rooms, serial_rivers, chequers_serial_rivers_room_a,
          chequers_serial_rivers_micro_e, chequers_serial_rivers_room_a,
          chequers_serial_rivers_marsh, chequers_serial_rivers_room_a
D:3:      layout_basic, minmay_ruptured
D:4:      nicolae_BIG_FREAKIN_CUBE, layout_loops_ring, temple_statues,
          serial_co_window_serial, co_window_corner_a, co_window_paths_a,
          co_window_paths_a, co_window_of_opportunity_a, co_window_paths_a,
          co_window_corner_b, co_window_corner_b, co_window_paths_c,
          co_window_4corner_b, glass_columns_b
D:5:      layout_rooms, amcnicky_altar_gilded, serial_park_tiny_pond
D:6:      layout_rooms, gammafunk_ghost_smash, minmay_ogre_servants,
          uniq_eustachio
D:7:      layout_layer_cave, glass_columns_b
D:8:      layout_cave_pods, roderic_batcave, nicolae_shop_firing_range

Skill      XL: |  1  2  3  4  5  6  7  8  9 |
---------------+----------------------------+-----
Short Blades   | 1 2 3 4 |  4.6
Long Blades    | 1 2 3 4 |  4.6
Maces & Flails | 1 2 3 4 |  4.6
Polearms       | 1 2 3 4 |  4.6
Staves         | 1 2 3 4 |  4.6
Slings         | 1 2 3 4 |  4.6
Bows           | 1 2 3 4 |  4.6
Crossbows      | 1 2 3 4 |  4.6
Throwing       | 1 2 3 4 |  4.6
Stealth        | 1 2 3 4 |  4.6
Shields        | 1 2 3 4 |  4.6
Unarmed Combat | 1 2 3 4 |  4.6
Spellcasting   | 1 2 3 4 |  4.6
Evocations     | 1 2 3 4 |  4.6
Conjurations   | 1 2 3 |  3.8
Hexes          | 1 2 3 |  3.8
Summonings     | 1 2 3 |  3.8
Necromancy     | 1 2 3 |  3.8
Translocations | 1 2 3 |  3.8
Transmutations | 1 2 3 |  3.8
Fire Magic     | 1 2 3 |  3.8
Ice Magic      | 1 2 3 |  3.8
Air Magic      | 1 2 3 |  3.8
Earth Magic    | 1 2 3 |  3.8
Poison Magic   | 1 2 3 |  3.8
Fighting       | 7 8 |  8.1
Axes           | 5 6 |  6.6
Armour         | 5 6 |  6.6
Dodging        | 3 4 5 |  5.3
Invocations    | 5 6 |  6.9

Action                   |  1- 3 |  4- 6 |  7- 9 || total
-------------------------+-------+-------+-------++-------
Melee: Hand axe          |   133 |    14 |    17 ||   164
       Bite              |    14 |     7 |    38 ||    59
       Whip              |       |    58 |   360 ||   418
Invok: Depart the Abyss  |     1 |       |       ||     1
       Banish            |       |       |     2 ||     2
  Use: Scroll            |     1 |     4 |     7 ||    12
       Potion            |       |     7 |     4 ||    11
Armor: Leather armour    |    16 |       |       ||    16
       Plate armour      |   100 |    35 |   233 ||   368
       Skin              |       |     2 |     1 ||     3
Dodge: Dodged            |    46 |     7 |   118 ||   171
Block: Buckler           |    12 |     6 |    80 ||    98

Table legend: (Time is in decaauts)
 A = Elapsed time spent in this place.
 B = Non-inter-level travel time spent in this place.
 C = Inter-level travel time spent in this place.
 D = Time resting spent in this place.
 E = Time spent auto-exploring this place.
 F = Levels seen in this place.
 G = Mean time per level.
                   A        B        C        D        E       F      G
               +--------+--------+--------+--------+--------+-----+--------+
         Total |   9679 |   9450 |    229 |    537 |   7482 |   9 | 1075.4 |
       Dungeon |   9560 |   9331 |    229 |    537 |   7384 |   8 | 1195.0 |
         Abyss |    118 |    118 |      0 |      0 |     98 |   1 |  118.0 |
               +--------+--------+--------+--------+--------+-----+--------+

Top non-repeatable levels by time:
     D:4: 2036 daAuts
     D:1: 1654 daAuts
     D:3: 1352 daAuts
     D:7: 1333 daAuts
     D:5: 1201 daAuts
     D:6: 1017 daAuts
     D:2: 706 daAuts
     D:8: 258 daAuts
 Abyss:1: 118 daAuts
